 Dungeon Crawl Stone Soup version 0.19-a0-1128-gc4a0c12 (webtiles) character file.

45 Jmtri7 the Ducker (level 3, -5/27 HPs)
             Began as a Demonspawn Gladiator on Aug 12, 2016.
             Was an Initiate of Gozag.
             Slain by a worm (7 damage)
             ... on level 2 of the Dungeon.
             The game lasted 00:03:01 (1223 turns).

Jmtri7 the Ducker (Demonspawn Gladiator)            Turns: 1223, Time: 00:03:02

Health: -5/27      AC:  1    Str: 15    XL:     3   Next: 42%
Magic:  3/3        EV: 14    Int:  9    God:    Gozag
Gold:   91         SH:  0    Dex: 16    Spells: 0 memorised, 2 levels left

rFire  . . .     SeeInvis .     a - +0 long sword
rCold  . . .     Gourm    .     (no armour)
rNeg   . . .     Faith    .     (no shield)
rPois  .         Spirit   .     c - +0 helmet
rElec  .         Dismiss  .     (no cloak)
rCorr  +         Reflect  .     (no gloves)
SustAt .         Harm     .     (no boots)
MR     .....                    (no amulet)
Stlth  ++........               (no ring)
                                m - ring of resist corrosion

@:
A: thin skeletal structure 1, demonic guardian 1
a: Potion Petition, Call Merchant, Bribe Branch, Renounce Religion


You were on level 2 of the Dungeon.
You worshipped Gozag.
Gozag was noncommittal.
You were very hungry.

You visited 1 branch of the dungeon, and saw 2 of its levels.

You collected 114 gold pieces.
You paid 23 gold pieces to Gozag.

Inventory:

Hand Weapons
 a - a +0 long sword (weapon)
Missiles
 d - 3 throwing nets (quivered)
Armour
 c - a +0 helmet (worn)
Jewellery
 m - a ring of resist corrosion (left hand)
Scrolls
 j - a scroll of immolation {unknown}
 k - 4 scrolls of remove curse {unknown}
 l - 2 scrolls of identify {unknown}
 n - 2 scrolls of noise {unknown}
 p - 2 scrolls of enchant armour {unknown}
 q - a scroll of recharging {unknown}
 s - a scroll of enchant weapon {unknown}
 t - a scroll of teleportation {unknown}
Potions
 b - a potion of brilliance {unknown}
 e - 3 potions of curing {unknown}
 g - a potion of lignification {unknown}
 i - a potion of might {unknown}
 o - a potion of heal wounds {unknown}
 r - a potion of mutation {unknown}
Comestibles
 f - 2 bread rations
 h - a meat ration


   Skills:
 - Level 2.0 Fighting
 - Level 2.6 Long Blades
 - Level 1.7 Throwing
 + Level 4.1 Dodging


You had 2 spell levels left.
You didn't know any spells.

Dungeon Overview and Level Annotations

Branches:
Dungeon (2/15)

Altars:
Gozag


Innate Abilities, Weirdness & Mutations

You have a somewhat thin skeletal structure. (Dex +2, Stealth)
A weak demonic guardian rushes to your aid.


Message History

The worm moves out of view.
Found a shield.
The hobgoblin shouts!
The hobgoblin hits you but does no damage.
The worm bites you!
You barely miss the hobgoblin. The hobgoblin closely misses you.
The hobgoblin misses you. The worm closely misses you.
You riposte.
You slash the worm!
The worm is heavily wounded.
You closely miss the hobgoblin. The hobgoblin barely misses you.
A dart slug comes into view.
You are feeling very hungry.
You hit the worm.
The worm is severely wounded.
The worm bites you!
* * * LOW HITPOINT WARNING * * *
The hobgoblin barely misses you. The worm bites you!
You die...
Your body crumbles into a pile of gold.

#.. #.# #.# #.# .
####### #.# # .....#
#.#### ...#
######.....
###.#######......####
#..g@..........#.#
#.#w#######.##.#.####
.....# #.##......#
#...[..# #.####.##.#
####w### #.####.##.#
.. #......##.# #..
########....... ..
#.....##.######
#.....##.#


You could see a worm, a dart slug and a hobgoblin.

Vanquished Creatures
  An adder (D:2)
  3 dart slugs
  A ball python (D:2)
  3 bats
  4 giant cockroaches
  A goblin (D:2)
  A hobgoblin (D:1)
  6 jackals (D:2)
  A quokka (D:2)
  A giant newt (D:1)
  A kobold (D:2)
  3 rats
26 creatures vanquished.

Notes
Turn   | Place    | Note
-------+----------+-------------------------------------------
     0 | D:1      | Jmtri7 the Demonspawn Gladiator began the quest for the Orb.
     0 | D:1      | Reached XP level 1. HP: 16/16 MP: 1/1
   276 | D:1      | Reached skill level 3 in Dodging
   348 | D:1      | Gained mutation: A weak demonic guardian rushes to your aid. [demonic ancestry]
   348 | D:1      | Reached XP level 2. HP: 18/22 MP: 2/2
   564 | D:1      | You fall through a shaft!
   895 | D:2      | Found an opulent altar of Gozag.
   954 | D:2      | Became a worshipper of Gozag Ym Sagoz the Greedy
   975 | D:2      | Gained mutation: You have a somewhat thin skeletal structure. (Dex +2, Stealth) [demonic ancestry]
   975 | D:2      | Reached XP level 3. HP: 15/27 MP: 3/3
  1133 | D:2      | Reached skill level 4 in Dodging
  1223 | D:2      | Slain by a worm

Vault maps used:
D:1:      mrwooster_arrival_statue_2
D:2:      grunt_gozag_breadcrumbs, lemuel_coloured_pillars_altar, first_bread,
          uniq_crazy_yiuf_cottage

Skill      XL: |  1  2  3 |
---------------+----------+-----
Dodging        | 3 4 |  4.1
Fighting       | |  2.0
Long Blades    | |  2.6
Throwing       | |  1.7

Action                   || total
-------------------------++-------
Melee: Long sword        ||    77
Armor: Leather armour    ||     3
       Skin              ||     7
Dodge: Dodged            ||    64
